 Dungeon Crawl Stone Soup version 0.13.0-18-g7b03ea5 (webtiles) character file.

159 Ragg the Cudgeler (level 3, -3/36 HPs)
             Began as a Gargoyle Berserker on Oct 23, 2013.
             Was a Believer of Trog.
             Slain by a gnoll
             ... wielding a +0,+0 whip
              (4 damage)
             ... on Level 2 of the Dungeon.
             The game lasted 00:05:28 (1037 turns).

Ragg the Cudgeler (Gargoyle Berserker)              Turns: 1037, Time: 00:05:28

HP  -3/36        AC  8     Str 26      XL: 3   Next: 58%
MP   2/2         EV 11     Int  7      God: Trog [**....]
Gold 116         SH  0     Dex  9      Spells:  0 memorised,  2 levels left

Res.Fire  : . . .   See Invis. : .   b - +0 mace
Res.Cold  : . . .   Warding    : .   k - +0 leather armour
Life Prot.: + . .   Conserve   : .   (no shield)
Res.Poison: +       Res.Corr.  : .   h - +0 cap
Res.Elec. : +       Clarity    : .   (no cloak)
Sust.Abil.: . .     Spirit.Shd : .   l - +0 pair of gloves
Res.Mut.  : .       Stasis     : .   n - +0 pair of boots
Res.Rott. : +       Flight     : .   (no amulet)
Saprovore : . . .                    (no ring)
                                     (no ring)

@: berserking, very quick, not resistant to hostile enchantments, extremely
unstealthy
A: fangs 1, talons 2, life protection 1, electricity resistance, slow metabolism
1, unbreathing, petrification resistance, AC +3
a: Burn Spellbooks, Berserk, Trog's Hand, Renounce Religion


You were on level 2 of the Dungeon.
You worshipped Trog.
Trog was pleased with you.
You were not hungry.

You visited 1 branch of the dungeon, and saw 2 of its levels.

You collected 96 gold pieces.

Inventory:

Hand weapons
 b - a +0,+0 mace (weapon)
Armour
 h - a +0 cap (worn)
 k - a +0 leather armour (worn)
 l - a +0 pair of gloves (worn)
 n - a +0 pair of boots (worn)
Comestibles
 c - a bread ration
 g - an apple
Scrolls
 a - a scroll of fear {unknown}
 i - a scroll of identify {unknown}
 j - a scroll of remove curse {unknown}
Jewellery
 m - a cursed ring of teleportation {unknown}
Potions
 d - a potion of agility {unknown}
 e - a potion of restore abilities {unknown}
 f - a potion of magic {unknown}


   Skills:
 + Level 3.7 Fighting
 + Level 4.0 Maces & Flails
 + Level 2.5 Armour
 + Level 2.0 Dodging


You had 2 spell levels left.
You didn't know any spells.

Dungeon Overview and Level Annotations

Branches:
Dungeon (2/27)

Altars:


Innate Abilities, Weirdness & Mutations

You are resistant to torment.
You are immune to poison.
Your stone body is very resilient (AC +3).
You have very sharp teeth.
You have razor-sharp toenails.
You resist negative energy.
You are resistant to electric shocks.
You have a slow metabolism.
You can survive without breathing.
You are immune to petrification.


Message History

You are too injured to fight recklessly!
You are too injured to fight recklessly!
The jackal barely misses you.
You sock the jackal!
The jackal is almost dead.
The jackal bites you.
* * * LOW HITPOINT WARNING * * *
You hit the jackal.
You kill the jackal!
Trog accepts your kill.
Your Dodging skill increases to level 2!
Use which ability? (? or * to list)
A red film seems to cover your vision as you go berserk!
You feel yourself moving faster!
You feel mighty!
You feel somewhat more hungry. The gnoll hits you with a whip.
* * * LOW HITPOINT WARNING * * *
You thump the gnoll!
The gnoll is severely wounded.
The gnoll hits you with a whip.
You die...

## # ## ###+##### .... .#
#.......# ..... .#
#.......# ...... .#
###.......# g......
.####.'.......# .......
.'....#.......### ..!....
.######.......'.###g......#
.# #.......#.@ggg......# ##
#.......#####.......#
######+## ....... ###.### #


You could see 4 gnolls.

Vanquished Creatures
  2 adders (D:2)
  5 bats (D:1)
  5 goblins (D:1)
  3 hobgoblins
  2 jackals (D:2)
  A quokka (D:1)
  A ball python (D:1)
  A giant gecko (D:1)
  A giant newt (D:1)
  2 kobolds (D:1)
  2 rats (D:1)
25 creatures vanquished.

Notes
Turn   | Place    | Note
--------------------------------------------------------------
     0 | D:1      | Ragg, the Gargoyle Berserker, began the quest for the Orb.
     0 | D:1      | Reached XP level 1. HP: 14/14 MP: 0/0
   445 | D:1      | Reached XP level 2. HP: 19/19 MP: 1/1
   955 | D:2      | Reached XP level 3. HP: 22/24 MP: 2/2
   982 | D:2      | Acquired Trog's second power
   982 | D:2      | Reached skill level 4 in Maces & Flails
  1036 | D:2      | HP: 1/36 [gnoll/whip (3)]
  1037 | D:2      | Slain by a gnoll

Action                   || total
-------------------------++-------
Melee: Mace              ||    68
Invok: Berserk           ||     1
